 Dungeon Crawl Stone Soup version 0.31.0-32-g396128a36d (webtiles) character file.

Game seed: 8676717904760941195

1908 spaghetti the Slasher (level 8, 0/57 HPs)
             Began as a White Draconian Air Elementalist on Mar 14, 2024.
             Was an Initiate of Gozag.
             Succumbed to a killer bee's poison
             ... on level 7 of the Dungeon.
             The game lasted 00:06:36 (5149 turns).

spaghetti the Slasher (DrAE)                        Turns: 5149, Time: 00:06:37

Health: 0/57       AC:  6    Str: 11    XL:     8   Next: 94%
Magic:  13/13      EV: 14    Int: 18    God:    Gozag
Gold:   133        SH:  0    Dex: 11    Spells: 12/14 levels left

rFire   . . .        c - +5 double sword (heavy)
rCold   + . .        (no shield)
rNeg    . . .        (body armour unavailable)
rPois   .            (helmet restricted)
rElec   .            v - scarf {harm}
rCorr   .            (no gloves)
SInv    .            (no boots)
Will    +....        i - amulet of regeneration
Stlth   ++           (no ring)
HPRegen 1.09/turn    (no ring)
MPRegen 0.13/turn

%: harm (+30% outgoing, +20% incoming)
@: lethally poisoned (0 -> -3), gold aura, enlightened, flying, hasted, very
quick
A: breathe frost, AC +6, unfitting armour, cold resistance 1, cold-blooded,
beak, stinger 1
a: Breathe Frost, Renounce Religion, Potion Petition, Call Merchant, Bribe
Branch


You were on level 7 of the Dungeon.
You worshipped Gozag.
Gozag was aware of your devotion.
You visited 1 branch of the dungeon, and saw 7 of its levels.

You collected 344 gold pieces.
You spent 96 gold pieces at shops.
You paid 115 gold pieces to Gozag.

Inventory:

Hand Weapons
 c - a +5 heavy double sword (weapon)
Missiles
 s - 3 curare-tipped darts
Armour
 v - a scarf of harm (worn)
Jewellery
 i - an amulet of regeneration (around neck)
 k - an amulet of the acrobat
 u - an amulet of reflection
Wands
 j - a wand of paralysis (7)
Scrolls
 d - 2 scrolls of revelation
 e - 3 scrolls of teleportation {unknown}
 g - a scroll of poison
 l - a scroll of identify
 n - a scroll of blinking
 o - a scroll of silence
 t - a scroll of immolation {unknown}
Potions
 a - a potion of magic
 b - a potion of brilliance
 h - a potion of cancellation
 m - a potion of mutation
 w - a potion of enlightenment


   Skills:
 + Level 7.8 Long Blades
 + Level 7.4 Dodging
 - Level 1.7 Stealth
 - Level 3.5 Spellcasting
 - Level 1.0 Conjurations
 - Level 3.0 Air Magic


You had 12 spell levels left.
You knew the following spells:

 Your Spells              Type           Power      Damage    Failure   Level
b - Static Discharge      Conj/Air       20%        3-4/arc   11%         2

Your spell library contained the following spells:

 Spells                   Type           Power      Damage    Failure   Level
 Shock                    Conj/Air       40%        1d5       7%          1
 Foxfire                  Conj/Fire      20%        2x1d5     13%         1
 Swiftness                Air            14%        N/A       14%         3
 Scorch                   Fire           6%         2d5       24%         2
 Airstrike                Air            7%         2d(1-17)  41%         4
 Inner Flame              Hex/Fire       3%         N/A       43%         3
 Summon Lightning Spire   Summ/Air       8%         N/A       63%         4
 Flame Wave               Conj/Fire      5%         2d5       77%         4
 Sticky Flame             Fire/Alch      3%         2d4       83%         4
 Lee's Rapid Deconstruct  Erth           1%         3d4*      99%         5
 Plasma Beam              Fire/Air       4%         2x1d14    100%        6
 Starburst                Conj/Fire      2%         6d3       100%        6
 Summon Cactus Giant      Summ           1%         N/A       100%        6
 Animate Armour           Summ/Erth      Unusable   N/A       N/A         4

Dungeon Overview and Level Annotations

Branches:
Dungeon (7/15)             Temple (0/1) D:5

Altars:
Ashenzari
Gozag
Hepliaklqana
Okawaru
Sif Muna
Trog
Yredelemnul
Zin
The Shining One

Shops:
D:4 ?   D:7 *

Annotations:
D:5 3 runed translucent doors, jkubb29's ghost, novice DsNe


Innate Abilities, Weirdness & Mutations

You can breathe waves of freezing cold which knock back foes.
Your icy white scales are hard. (AC +6)
You cannot fit into any form of body armour.
Your flesh is cold resistant. (rC+)
You are cold-blooded and may be slowed by cold attacks.
You have a beak for a mouth.
Your tail ends in a venomous barb.


Message History

Your mouth lengthens and hardens into a beak!
A venomous barb forms on the end of your tail.
You feel sick. The killer bee stings you.
* * * LOW HITPOINT WARNING * * *
You are more poisoned.
The killer bee poisons you!
It was a potion of curing.
You feel better. The killer bee closely misses you.
The killer bee completely misses you. The killer bee closely misses you.
The killer bee stings you!
* * * LOW HITPOINT WARNING * * *
You are poisoned.
The killer bee poisons you!
It was a potion of haste.
You feel yourself speed up.
You feel very sick.
The killer bee closely misses you. x3; The killer bee misses you.
It was a potion of enlightenment.
You feel very buoyant.
You fly up into the air.
You feel sick. The killer bee stings you.
* * * LOW HITPOINT WARNING * * *
You are more poisoned.
The killer bee poisons you! The killer bee misses you.
The killer bee stings you.
* * * LOW HITPOINT WARNING * * *
Unknown command.
Unknown command.
As you read the scroll of fear, it crumbles to dust.
You assume a fearsome visage.
The killer bee looks frightened! x3
* * * LOW HITPOINT WARNING * * *
You feel sick.
Unknown command.
Unknown command.
You need at least 400 gold to purchase potions right now!
Okay, then.
* * * LOW HITPOINT WARNING * * *
You feel sick.
Unknown command.
You slice the killer bee!!
You kill the killer bee!
You die...
Your body crumbles into a pile of gold.

######### #.†.....# #########
.# #.......###........ ....
+..................
#.#<######.......###........
#................###........
#..[..($..#....≈≈≈≈≈≈≈......
##.$.......#@≈≈≈≈.....≈######
...........#$≈....⌠.⌠.≈#
..............._...∩..≈#
.........y.#.≈....⌠.⌠.≈#
..$.########.≈≈≈≈.....≈# #
#y...≈≈≈≈≈≈≈# #############


You could see a killer bee (fleeing).

Vanquished Creatures
  2 steam dragons
  2 water moccasins (D:7)
  2 ice beasts
  A sky beast (D:7)
  An ogre (D:6)
  3 centaurs
  A bullfrog (D:6)
  A gnoll sergeant (D:5)
  2 scorpions (D:5)
  A killer bee (D:7)
  4 hounds
  An orc priest (D:6)
  A bombardier beetle (D:5)
  A jelly (D:4)
  2 sleepcaps
  Ijyb (D:5)
  3 iguanas
  2 orc wizards
  4 gnolls
  3 adders
  A white imp (D:3)
  3 ribbon worms
  5 dart slugs
  11 orcs
  7 ball pythons
  4 bats
  5 endoplasms
  4 giant cockroaches
  7 goblins
  10 hobgoblins
  7 jackals
  5 kobolds
  5 quokkas
  2 frilled lizards
  4 rats
118 creatures vanquished.

Notes
Turn   | Place    | Note
-------+----------+-------------------------------------------
     0 | D:1      | spaghetti the Draconian Air Elementalist began the quest
                  | for the Orb.
     0 | D:1      | Reached XP level 1. HP: 14/14 MP: 3/3
   313 | D:1      | Reached XP level 2. HP: 19/20 MP: 0/5
   517 | D:1      | Learned a level 2 spell: Static Discharge
   628 | D:1      | Reached XP level 3. HP: 19/26 MP: 0/7
  1007 | D:1      | Identified a scroll of acquirement
  1009 | D:1      | Acquired a +5 double sword of flaming
  1410 | D:2      | Reached skill level 1 in Long Blades
  1460 | D:2      | Reached XP level 4. HP: 30/33 MP: 9/9
  1496 | D:2      | Identified the +4 trident of Luufeduck {freeze, MP+9}
  1969 | D:3      | Reached XP level 5. HP: 38/38 MP: 10/10
  2452 | D:4      | Found a glowing golden altar of the Shining One.
  2556 | D:4      | Found a broken altar of Ashenzari.
  2811 | D:4      | Found Qeytinna's Magic Scroll Shop.
  2932 | D:4      | Bought a scroll of identify for 24 gold pieces
  2932 | D:4      | Bought a scroll of identify for 24 gold pieces
  2932 | D:4      | Bought a scroll of identify for 24 gold pieces
  2932 | D:4      | Bought a scroll of identify for 24 gold pieces
  3162 | D:5      | Entered Level 5 of the Dungeon
  3162 | D:5      | Noticed Ijyb
  3163 | D:5      | Found a staircase to the Ecumenical Temple.
  3164 | D:5      | Paralysed by Ijyb for 3 turns
  3171 | D:5      | Killed Ijyb
  3288 | D:5      | Reached XP level 6. HP: 34/45 MP: 11/11
  3374 | D:5      | Noticed an ice beast
  3391 | D:5      | Killed an ice beast
  3428 | D:5      | Found a basalt altar of Yredelemnul.
  3428 | D:5      | Found an iron altar of Okawaru.
  3575 | D:5      | Your scales start taking on an icy white colour.
  3575 | D:5      | Reached XP level 7. HP: 46/50 MP: 12/12
  3575 | D:5      | Gained mutation: Your flesh is cold resistant. (rC+) [White
                  | Draconian growth]
  3660 | D:5      | Found a shimmering blue altar of Sif Muna.
  3726 | D:5      | Reached skill level 5 in Dodging
  3791 | D:5      | Reached skill level 5 in Long Blades
  3927 | D:5      | Found a runed translucent gate.
  3927 | D:5      | Noticed jkubb29's ghost (novice DsNe)
  3928 | D:5      | Found a runed translucent gate.
  3928 | D:5      | Found a runed translucent gate.
  4041 | D:6      | Found a bloodstained altar of Trog.
  4163 | D:6      | Reached XP level 8. HP: 47/57 MP: 13/13
  4563 | D:6      | Found a glowing silver altar of Zin.
  5003 | D:7      | Found a hazy altar of Hepliaklqana.
  5092 | D:7      | Found Gozag's Platinum Reserve.
  5100 | D:7      | Found an opulent altar of Gozag.
  5116 | D:7      | Became a worshipper of Gozag Ym Sagoz the Greedy
  5143 | D:7      | Gained mutation: You have a beak for a mouth. [potion of
                  | mutation]
  5143 | D:7      | Gained mutation: Your tail ends in a venomous barb. [potion
                  | of mutation]
  5147 | D:7      | HP: 2/57 [poisoned by a killer bee]
  5149 | D:7      | Succumbed to a killer bee's poison

Illustrated notes

Levels and vault maps discovered:
D:1:      erik_arrival_triangle_medium, layout_loops_cross
D:2:      layout_basic
D:3:      layout_loops_ring, wad_floor_pattern_untrapped
D:4:      layout_basic, mainiacjoe_overflow_cross_hatched,
          mainiacjoe_overflow_paths, serial_shops, nicolae_shop_hallway_stairs,
          serial_bayou_lake_a
D:5:      layout_loops_ring, hellmonk_sif_muna_bookshelves,
          mainiacjoe_overflow_large_starburst, minmay_temple_entry_sparse_star,
          ebering_ghost_rock_garden, uniq_ijyb
D:6:      layout_loops_cross, kennysheep_little_box,
          mainiacjoe_overflow_small_starburst, kennysheep_small_circle
D:7:      wad_crossroads, layout_basic, mainiacjoe_overflow_24_doors,
          nicolae_gozag_zags_fifth_avenue

Skill      XL: |  1  2  3  4  5  6  7  8 |
---------------+-------------------------+-----
Spellcasting   | 3 |  3.5
Dodging        | 2 3 4 5 7 |  7.4
Long Blades    | 1 2 3 4 5 7 |  7.8
Stealth        | |  1.7
Conjurations   | |  1.0
Air Magic      | |  3.0

Action                     |  1- 3 |  4- 6 |  7- 9 || total
---------------------------+-------+-------+-------++-------
  Melee: Unarmed           |    14 |       |       ||    14
         Punch             |     1 |     3 |     2 ||     6
         Tailslap          |     3 |     8 |     9 ||    20
         Double sword      |    26 |   120 |    86 ||   232
   Cast: Shock             |    52 |       |       ||    52
Ability: Breathe Frost     |       |       |     8 ||     8
    Use: Scroll            |     4 |     9 |     3 ||    16
         Potion            |       |     4 |     7 ||    11
   Stab: Sleeping          |     1 |     5 |     3 ||     9
 Armour: Skin              |    28 |    85 |   120 ||   233
  Dodge: Dodged            |    46 |    74 |   113 ||   233
